 Dungeon Crawl Stone Soup version 0.19.0-22-gd96e5fe (webtiles) character file.

100475 Monsterracer the Imperceptible (level 15, -5/75 HPs)
             Began as a Spriggan Enchanter on Nov 19, 2016.
             Was the Champion of Dithmenos.
             Slain by a spiny frog (17 damage)
             ... on level 1 of the Swamp.
             The game lasted 02:24:57 (31815 turns).

Monsterracer the Imperceptible (SpEn)              Turns: 31815, Time: 02:24:58

Health: -5/75      AC:  7    Str:  4    XL:     15   Next: 80%
Magic:  33/40      EV: 34    Int: 27    God:    Dithmenos [******]
Gold:   2420       SH:  5    Dex: 23    Spells: 8 memorised, 16 levels left

rFire  . . .     SeeInvis +     B - +4 dagger
rCold  . . .     Gourm    .     A - +3 robe of Folly {Archmagi, MR-- Int+5}
rNeg   . . .     Faith    .     (shield restricted)
rPois  .         Spirit   .     (helmet restricted)
rElec  .         Reflect  +     t - +1 cloak
rCorr  .         Harm     .     (gloves unavailable)
MR     .....                    (boots unavailable)
Stlth  ++++++++++               H - +5 amulet of reflection
                                l - ring of magical power
                                j - +5 ring of dexterity

@: about to teleport, marked, wreathed by umbra, studying Evocations, very quick
A: unfitting armour, see invisible, herbivore 3, speed 3, slow metabolism 2
a: Shadow Step, Shadow Form, Renounce Religion


You were on level 1 of the Swamp.
You worshipped Dithmenos.
Dithmenos was exalted by your worship.
You were not hungry.

You visited 5 branches of the dungeon, and saw 25 of its levels.
You also visited: Bailey.

You collected 2744 gold pieces.
You spent 324 gold pieces at shops.

Inventory:

Hand Weapons
 B - a +4 dagger (weapon)
Armour
 t - a +1 cloak (worn)
 w - the +3 robe of Valour {*Drain rPois rF+}
   (You found it on level 6 of the Dungeon)

   It protects you from fire.
   It protects you from poison.
   It causes draining when unequipped.
 A - the +3 robe of Folly (worn) {Archmagi, MR-- Int+5}
   (You found it on level 7 of the Dungeon)

   It affects your intelligence (+5).
   It affects your resistance to hostile enchantments.
Jewellery
 b - an uncursed ring of protection from magic
 h - an uncursed ring of protection from magic
 j - a +5 ring of dexterity (left hand)
 l - a ring of magical power (right hand)
 r - an uncursed ring of ice
 y - an uncursed ring of flight
 z - an uncursed ring of protection from fire
 H - a +5 amulet of reflection (around neck)
Wands
 c - a wand of heal wounds (7/9)
 v - a wand of paralysis (19/24)
 K - a wand of digging (7/24)
 M - a wand of paralysis (8/24)
Scrolls
 e - 7 scrolls of identify
 f - 3 scrolls of fog
 g - 2 scrolls of enchant weapon
 i - 10 scrolls of remove curse
 n - 3 scrolls of fear
 o - a scroll of magic mapping
 u - 3 scrolls of recharging
 D - a scroll of enchant armour
 G - 2 scrolls of blinking
 J - 3 scrolls of amnesia
 N - a scroll of silence
 O - a scroll of teleportation
Potions
 a - 3 potions of flight
 k - 4 potions of agility
 m - a potion of heal wounds
 s - a potion of curing
 x - 2 potions of resistance
 C - 2 potions of might
 F - a potion of haste
 L - a potion of cure mutation
 P - a potion of berserk rage
Books
 E - a manual of Evocations {m}
Comestibles
 d - 16 bread rations
 p - 6 royal jellies
 q - 22 fruits


   Skills:
 - Level 7.0 Fighting
 - Level 10.1 Short Blades
 + Level 16.2 Dodging
 * Level 22.5 Stealth
 - Level 1.2 Unarmed Combat
 - Level 11.0 Spellcasting
 + Level 14.6 Hexes
 - Level 2.0 Translocations
 - Level 7.0 Invocations


You had 16 spell levels left.
You knew the following spells:

 Your Spells              Type           Power        Failure   Level  Hunger
b - Ensorcelled Hibernat  Hex/Ice        ######       1%          2    None
c - Confuse               Hex            #######.     1%          3    None
d - Tukima's Dance        Hex            #######.     1%          3    None
e - Apportation           Tloc           #####.....   1%          1    None
f - Dazzling Spray        Conj/Hex       ######       1%          3    None
g - Fulminant Prism       Conj/Hex       ######....   1%          4    None
h - Blink                 Tloc           N/A          2%          2    None
i - Repel Missiles        Chrm/Air       ###...       8%          2    None


Dungeon Overview and Level Annotations

Branches:
Dungeon (15/15)            Temple (1/1) D:4            Lair (6/6) D:11
  Swamp (1/4) Lair:3       Spider (0/4) Lair:4        Slime (0/5) Lair:6
    Orc (2/2) D:11            Elf (0/3) Orc:2        Vaults (0/5) D:13
 Depths (0/5) D:15

Altars:
Ashenzari
Cheibriados
Dithmenos
Elyvilon
Fedhas
Gozag
Hepliaklqana
Kikubaaqudgha
Makhleb
Nemelex Xobeh
Okawaru
Qazlal
Ru
Sif Muna
Trog
Uskayaw
Vehumet
Xom
Yredelemnul
Zin
The Shining One

Shops:
D:9 }   Orc:2 %*?!!


Innate Abilities, Weirdness & Mutations

You are very small and have problems with some larger weapons.
You are too small for most types of armour.
You have supernaturally acute eyesight. (SInv)
You are a herbivore.
You cover ground extremely quickly.
You need consume almost no food.


Message History

You feel strangely unstable.
You are engulfed in poison gas.
You are lethally poisoned!
* * * LOW HITPOINT WARNING * * *
x2 You feel sick.
The spiny frog completely misses you.
The alarm trap emits a blaring wail!
A sentinel's mark forms upon you.
* * * LOW HITPOINT WARNING * * *
You feel sick.
You hear a shout!
You hear a roar!
You hear a loud, deep croak!
You hear a croak.
You hear a roar!
The spiny frog completely misses you.
You feel better. The spiny frog misses you.
The swamp dragon breathes poison at you.
The blast of poison misses you. The spiny frog completely misses you.
A shambling mangrove comes into view.
The spiny frog completely misses you. You block the spiny frog's attack.
The shambling mangrove reaches out with a gnarled limb.
Grasping roots rise from the ground around the shambling mangrove!
The spiny frog stings you!
You die...

≈≈.♣≈.......≈.♣
≈≈.≈≈....)≈...♣ ♣♣♣
..≈......≈♣♣♣≈♣♣♣ ..♣
.♣♣.§≈≈...≈§§§.≈♣ .§..
♣≈≈.≈≈.♣♣..§§§§♣♣ (...≈
♣..≈≈♣♣...≈≈≈§♣ ♣♣.....
♣≈.§≈..≈≈≈≈§§§♣♣≈......
♣♣.≈≈≈..≈≈≈≈§DFF§..≈≈≈≈≈
≈..≈≈...≈≈≈≈§§§§@.≈≈f≈≈≈
≈♣♣......≈≈≈≈§§♣♣.≈≈≈≈≈≈
....≈≈≈..≈≈≈.§♣♣ .≈...≈≈
....≈≈≈.≈♣♣♣♣♣♣ ♣≈.....
♣♣..≈≈≈≈..≈♣ ≈.....
♣...≈≈≈≈..♣♣ ..§.♣.
.≈≈≈≈≈≈≈..♣ ≈≈≈..
≈≈≈≈≈≈≈.≈... ≈≈≈..
≈≈≈≈.§......


You could see a shambling mangrove, a swamp dragon and 2 spiny frogs.

Vanquished Creatures
  Saint Roka (Orc:2)
  Donald (Swamp:1)
  A dire elephant (Lair:6)
  Snorg (Orc:1)
  Josephine (Orc:1)
  Fannar (Lair:2)
  A vault guard (D:13)
  9 hydras
  A catoblepas (Lair:4)
  A ghost crab (shapeshifter) (D:15)
  An alligator (Swamp:1)
  A merfolk avatar (Lair:6)
  A centaur warrior (D:15)
  A death yak (Lair:4)
  A queen ant (Lair:2)
  An ogre mage (D:15)
  3 orc high priests (Orc:2)
  Urug (D:11)
  Sonja (D:10)
  An unseen horror (shapeshifter) (D:14)
  3 skeletal warriors
  A wizard (D:13)
  3 necromancers
  9 hill giants
  5 orc knights
  2 wolf spider zombies (D:15)
  A cyclops (D:11)
  3 deep elf magi
  A manticore (Lair:6)
  2 black mambas
  2 elephants (Lair:6)
  5 orc sorcerers
  8 ugly things
  2 naga magi (D:15)
  12 spiny frogs
  7 rime drakes
  5 kobold demonologists
  13 komodo dragons
  A redback zombie (D:15)
  A tengu conjurer (D:14)
  A harpy zombie (D:14)
  4 trolls
  A queen bee (D:11)
  2 jumping spiders (Lair:4)
  2 polar bears (Lair:6)
  Grinder (D:5)
  A tyrant leech (Swamp:1)
  The ghost of Swippen the Cudgeler, an amateur FoFi (D:4)
  5 hornets
  A wind drake (Lair:6)
  4 blink frogs (Lair:2)
  4 slime creatures (D:12)
  6 two-headed ogres
  12 dream sheep (Lair:6)
  7 hippogriffs
  Sigmund (D:5)
  A shadow (D:12)
  A spriggan (D:7)
  6 wraiths
  2 redbacks (Lair:4)
  5 wyverns
  45 yaks
  10 basilisks
  20 humans (D:13)
  11 vampire mosquitoes
  2 hungry ghosts
  Menkaure (D:7)
  6 swamp worms (Lair:3)
  2 wargs (Orc:1)
  Duvessa (D:5)
  21 soldier ants
  Edmund (D:6)
  13 water moccasins
  6 porcupines
  35 orc warriors
  5 ice beasts
  4 phantoms
  4 sky beasts
  3 eyes of draining
  A black bear (D:6)
  11 wolves
  A necrophage (D:5)
  10 ogres
  11 centaurs
  11 crocodiles
  4 big kobolds
  Blork the orc (Temple)
  19 bullfrogs
  A scorpion (D:9)
  Dowan (D:5)
  31 killer bees
  11 wights
  3 howler monkeys (D:14)
  10 electric eels
  A bullfrog zombie (D:12)
  5 centaur zombies
  13 crimson imps
  10 hounds
  A quasit (D:13)
  2 jellies
  A bullfrog skeleton (D:4)
  6 centaur skeletons
  20 orc priests
  2 iguanas
  31 orc wizards
  31 worker ants
  A hound skeleton (D:9)
  3 worker ant zombies
  3 gnolls
  A howler monkey skeleton (D:9)
  9 adders
  4 river rats (D:6)
  2 shadow imps
  A worm (D:3)
  4 leopard geckos
  104 orcs
  9 bats
  7 giant cockroaches
  15 goblins
  4 hobgoblins
  11 jackals
  4 quokkas
  5 frilled lizards
  18 kobolds
  A leopard gecko skeleton (D:5)
  7 rats
836 creatures vanquished.

Vanquished Creatures (others)
  65 fulminant prisms
  4 fungi
  13 plants (Lair:6)
82 creatures vanquished.

Grand Total: 918 creatures vanquished

Notes
Turn   | Place    | Note
-------+----------+-------------------------------------------
     0 | D:1      | Monsterracer the Spriggan Enchanter began the quest for the Orb.
     0 | D:1      | Reached XP level 1. HP: 9/9 MP: 5/5
   296 | D:1      | Reached XP level 2. HP: 13/13 MP: 5/7
   300 | D:1      | Learned a level 2 spell: Ensorcelled Hibernation
   602 | D:1      | Gained mutation: Your body sometimes deteriorates upon taking damage. [potion of mutation]
   602 | D:1      | Gained mutation: You have sharp toenails. [potion of mutation]
   602 | D:1      | Lost mutation: Your body sometimes deteriorates upon taking damage. [potion of mutation]
   922 | D:2      | Reached XP level 3. HP: 9/16 MP: 3/9
  1436 | D:2      | Found a sparkling altar of Nemelex Xobeh.
  1437 | D:2      | Found an opulent altar of Gozag.
  2067 | D:3      | Reached skill level 5 in Stealth
  2067 | D:3      | Reached XP level 4. HP: 21/21 MP: 11/11
  2072 | D:3      | Reached skill level 5 in Spellcasting
  2083 | D:3      | HP: 1/21 [orc priest (3)]
  2085 | D:3      | Reached XP level 5. HP: 2/24 MP: 0/13
  2090 | D:3      | Learned a level 3 spell: Confuse
  2094 | D:3      | Learned a level 3 spell: Tukima's Dance
  2445 | D:3      | Learned a level 1 spell: Apportation
  2530 | D:3      | Reached skill level 6 in Stealth
  2731 | D:3      | Lost mutation: You have sharp toenails. [potion of cure mutation]
  3394 | D:4      | Found a staircase to the Ecumenical Temple.
  3399 | D:4      | Noticed Blork the orc
  3402 | D:4      | Noticed Swippen's ghost (amateur FoFi)
  3441 | D:3      | Reached XP level 6. HP: 5/28 MP: 10/15
  3746 | Temple   | Entered the Ecumenical Temple
  3895 | Temple   | Became a worshipper of Dithmenos the Shadowed
  4142 | Temple   | Killed Blork the orc
  4457 | D:4      | Found a stormy altar of Qazlal.
  4488 | D:4      | Reached skill level 5 in Hexes
  4525 | D:4      | Killed Swippen's ghost
  4525 | D:4      | Reached skill level 1 in Fighting
  4525 | D:4      | Reached skill level 7 in Stealth
  4525 | D:4      | Reached XP level 7. HP: 23/33 MP: 17/17
  4868 | D:5      | Entered Level 5 of the Dungeon
  4954 | D:5      | Noticed Grinder
  4997 | D:5      | Killed Grinder
  4997 | D:5      | Reached skill level 5 in Dodging
  4997 | D:5      | Reached skill level 8 in Stealth
  5388 | D:5      | Noticed Dowan
  5399 | D:5      | Killed Dowan
  5409 | D:5      | Noticed Duvessa
  5445 | D:5      | Killed Duvessa
  5445 | D:5      | Reached XP level 8. HP: 25/38 MP: 12/18
  5578 | D:5      | Found a hazy altar of Hepliaklqana.
  5598 | D:5      | Found a glowing golden altar of the Shining One.
  5675 | D:5      | Found a bloodstained altar of Trog.
  5732 | D:5      | Noticed Sigmund
  5739 | D:5      | Killed Sigmund
  5815 | D:5      | Reached skill level 9 in Stealth
  5952 | D:5      | Found a blossoming altar of Fedhas.
  6260 | D:6      | Reached * piety under Dithmenos
  6319 | D:6      | Noticed Edmund
  6326 | D:6      | Killed Edmund
  6339 | D:6      | Got a heavy robe
  6350 | D:6      | Identified the +3 robe of Valour {*Drain rPois rF+} (You found it on level 6 of the Dungeon)
  6619 | D:6      | Reached XP level 9. HP: 39/43 MP: 9/20
  7104 | D:7      | Found an ancient bone altar of Kikubaaqudgha.
  7206 | D:7      | Noticed Menkaure
  7213 | D:7      | Killed Menkaure
  7263 | D:7      | Reached ** piety under Dithmenos
  7263 | D:7      | Reached skill level 10 in Stealth
  7350 | D:7      | Reached skill level 5 in Short Blades
  7755 | D:7      | Found a flagged portal.
  7780 | Bailey   | Entered a bailey
  7891 | Bailey   | Noticed an orc knight
  8191 | Bailey   | Killed an orc knight
  8802 | D:7      | Reached XP level 10. HP: 25/49 MP: 15/23
  8985 | D:7      | Reached skill level 11 in Stealth
  9269 | D:8      | Reached *** piety under Dithmenos
  9997 | D:8      | Found a radiant altar of Vehumet.
 10936 | D:9      | Reached **** piety under Dithmenos
 11128 | D:9      | Reached skill level 12 in Stealth
 11169 | D:9      | Found Ypeduicaiff's Gadget Shop.
 11242 | D:10     | Entered Level 10 of the Dungeon
 11830 | D:10     | Reached skill level 5 in Fighting
 11923 | D:10     | Noticed Sonja
 11931 | D:10     | Killed Sonja
 11938 | D:10     | Reached XP level 11. HP: 55/55 MP: 24/24
 12304 | D:11     | Noticed a skeletal warrior
 12304 | D:11     | Noticed a skeletal warrior
 12304 | D:11     | Noticed a skeletal warrior
 12308 | D:11     | Killed a skeletal warrior
 12347 | D:10     | Killed a skeletal warrior
 12441 | D:11     | Reached skill level 13 in Stealth
 12464 | D:11     | Killed a skeletal warrior
 12464 | D:11     | Reached skill level 10 in Dodging
 12539 | D:11     | Noticed a hill giant
 12546 | D:11     | Killed a hill giant
 12843 | D:11     | Found a staircase to the Orcish Mines.
 12891 | D:11     | Reached ***** piety under Dithmenos
 13143 | D:11     | Noticed Urug
 13145 | D:11     | Reached skill level 10 in Hexes
 13169 | D:11     | Killed Urug
 13169 | D:11     | Reached skill level 14 in Stealth
 13179 | D:11     | Learned a level 3 spell: Dazzling Spray
 13186 | D:11     | Learned a level 4 spell: Fulminant Prism
 13364 | D:11     | Found a staircase to the Lair.
 13561 | Lair:1   | Entered Level 1 of the Lair of Beasts
 14007 | Lair:1   | Reached skill level 1 in Invocations
 14084 | Lair:1   | You fall through a shaft!
 14298 | Lair:2   | Reached XP level 12. HP: 54/61 MP: 25/25
 14341 | Lair:2   | Reached skill level 10 in Short Blades
 14343 | Lair:2   | Noticed a queen ant
 14354 | Lair:2   | Killed a queen ant
 14688 | Lair:1   | Reached skill level 15 in Stealth
 15202 | Lair:2   | Reached ****** piety under Dithmenos
 15212 | Lair:2   | Reached skill level 1 in Unarmed Combat
 15462 | Lair:2   | Noticed Fannar
 15475 | Lair:2   | Killed Fannar
 15851 | Lair:2   | Learned a level 2 spell: Blink
 16056 | Lair:2   | Learned a level 2 spell: Repel Missiles
 16125 | Lair:2   | Reached skill level 1 in Translocations
 16131 | Lair:2   | Reached skill level 16 in Stealth
 16838 | Lair:3   | Reached XP level 13. HP: 66/66 MP: 26/26
 17236 | Lair:3   | Found a staircase to the Swamp.
 17558 | Lair:4   | Found a hole to the Spider Nest.
 17964 | Lair:4   | Reached skill level 17 in Stealth
 18280 | Lair:4   | Reached skill level 5 in Invocations
 19489 | Lair:6   | Entered Level 6 of the Lair of Beasts
 19536 | Lair:6   | Noticed a dire elephant
 19711 | Lair:6   | Found a staircase to the Slime Pits.
 19837 | Lair:6   | Reached skill level 18 in Stealth
 20636 | Lair:6   | Reached XP level 14. HP: 72/72 MP: 27/27
 20653 | Lair:6   | Reached skill level 19 in Stealth
 21094 | Lair:6   | Found a shimmering altar of Xom.
 22417 | Orc:1    | Entered Level 1 of the Orcish Mines
 22515 | Orc:2    | Entered Level 2 of the Orcish Mines
 22523 | Orc:2    | Noticed Saint Roka
 22533 | Orc:2    | Noticed Josephine
 23012 | Orc:1    | Killed Josephine
 23484 | Orc:2    | Noticed Snorg
 23674 | Orc:1    | Killed Snorg
 23740 | Orc:2    | Killed Saint Roka
 23740 | Orc:2    | Reached skill level 20 in Stealth
 24451 | Orc:2    | Found Xegech's Food Shop.
 24491 | Orc:2    | Paralysed by an orc sorcerer for 2 turns
 25140 | Orc:2    | Found Musk's Magic Scroll Emporium.
 25140 | Orc:2    | Found Biakeplu's Assorted Antiques.
 25142 | Orc:2    | Found Doexugor's Distillery.
 25142 | Orc:2    | Found Gani's Distillery.
 25180 | Orc:2    | Bought a bread ration for 55 gold pieces
 25180 | Orc:2    | Bought a bread ration for 55 gold pieces
 25180 | Orc:2    | Bought a bread ration for 55 gold pieces
 25180 | Orc:2    | Bought 3 fruits for 49 gold pieces
 25180 | Orc:2    | Bought a bread ration for 55 gold pieces
 25180 | Orc:2    | Bought a bread ration for 55 gold pieces
 25251 | Orc:2    | Found a staircase to the Elven Halls.
 26742 | D:12     | Reached skill level 15 in Dodging
 27745 | D:13     | Reached XP level 15. HP: 75/75 MP: 29/29
 27801 | D:13     | Reached skill level 21 in Stealth
 27932 | D:13     | Reached skill level 10 in Spellcasting
 27977 | D:13     | Paralysed by a wizard for 5 turns
 28215 | D:13     | Found a gate to the Vaults.
 28412 | D:13     | Found an opulent altar of Gozag.
 29736 | D:15     | Entered Level 15 of the Dungeon
 29830 | D:15     | Found a staircase to the Depths.
 30341 | D:15     | Reached skill level 22 in Stealth
 31726 | Swamp:1  | Entered Level 1 of the Swamp
 31726 | Swamp:1  | Noticed Donald
 31730 | Swamp:1  | Killed Donald
 31815 | Swamp:1  | Slain by a spiny frog

Skill      XL: |  1  2  3  4  5  6  7  8  9 10 11 12 13 14 15 |
---------------+----------------------------------------------+-----
Spellcasting   | 3 4 5 6 7 8 9 11 | 11.0
Stealth        | 5 6 7 8 9 10 12 14 16 18 20 22 | 22.5
Hexes          | 4 5 6 7 8 9 10 11 12 13 14 | 14.6
Dodging        | 4 5 6 8 9 11 12 13 15 16 | 16.2
Short Blades   | 2 3 4 6 8 9 10 | 10.1
Fighting       | 1 2 3 5 6 7 |  7.0
Invocations    | 1 4 6 7 |  7.0
Unarmed Combat | 1 |  1.2
Translocations | 2 |  2.0

Action                   |  1- 3 |  4- 6 |  7- 9 | 10-12 | 13-15 || total
-------------------------+-------+-------+-------+-------+-------++-------
Melee: Dagger            |   110 |   104 |   194 |   428 |   714 ||  1550
       Kick              |     5 |     2 |       |       |       ||     7
       Punch             |       |       |       |       |     4 ||     4
 Cast: Corona            |     6 |       |       |       |       ||     6
       Ensorcelled Hiber |    21 |    47 |   114 |   195 |   275 ||   652
       Confuse           |       |     8 |    17 |    36 |    46 ||   107
       Fulminant Prism   |       |       |       |     2 |    63 ||    65
       Tukima's Dance    |       |       |       |     1 |       ||     1
       Repel Missiles    |       |       |       |     1 |     1 ||     2
       Dazzling Spray    |       |       |       |       |    47 ||    47
       Blink             |       |       |       |       |     1 ||     1
 Abil: Evoke Flight      |       |       |     1 |       |       ||     1
Evoke: Wand              |       |       |       |       |     1 ||     1
  Use: Potion            |     5 |     2 |     1 |     3 |     7 ||    18
       Scroll            |       |       |     1 |    17 |     9 ||    27
 Stab: Sleeping          |    18 |    30 |    72 |   220 |   230 ||   570
       Confused          |       |    13 |    12 |    27 |    33 ||    85
       Distracted        |       |       |     2 |     2 |    10 ||    14
       Petrified         |       |       |       |       |     3 ||     3
       Invisible         |       |       |       |       |     5 ||     5
  Eat: Royal jelly       |       |     1 |       |       |     7 ||     8
       Fruit             |       |       |     1 |       |       ||     1
       Pizza             |       |       |     1 |       |     1 ||     2
       Bread ration      |       |       |     1 |     1 |       ||     2
Armor: Robe              |    21 |    12 |    14 |     9 |    21 ||    77
Dodge: Dodged            |   106 |    67 |   215 |   270 |   636 ||  1294
       Deflected         |       |       |       |       |     4 ||     4
Block: Other             |       |       |       |    11 |   117 ||   128
       Reflection        |       |       |       |       |    13 ||    13
